 Dungeon Crawl Stone Soup version 0.28.0-53-g5a82cb258f (webtiles) character file.

Game seed: 13114395508641379975

369 LynnLen the Covert (level 6, -1/32 HPs)
             Began as a Vampire Enchanter on July 29, 2022.
             Slain by a gnoll
             ... wielding a +0 flail
              (8 damage)
             ... on level 3 of the Dungeon.
             The game lasted 00:12:01 (6025 turns).

LynnLen the Covert (Vampire Enchanter)              Turns: 6025, Time: 00:12:02

Health: -1/32      AC:  4    Str:  7    XL:     6   Next: 41%
Magic:  0/9        EV: 12    Int: 23    God:
Gold:   149        SH:  5    Dex: 17    Spells: 4/9 levels left

rFire   . . .      SeeInvis +   a - +3 dagger
rCold   + + .      Faith    .   (no shield)
rNeg    + + +      Spirit   .   k - +1 leather armour
rPois   ∞          Reflect  +   (no helmet)
rElec   .          Harm     .   (no cloak)
rCorr   .          Rampage  .   (no gloves)
Will    .....                   (no boots)
Stlth   ++++++....              h - amulet of reflection
HPRegen 0.00/turn               i - +6 ring of intelligence
MPRegen 0.11/turn               (no ring)

@: confusing by touch, very slightly contaminated, bloodless, inhibited regen,
slowed, very slow
A: bloodless, fangs 3, see invisible, vampiric 2
a: Bat Form, Revivify


You were on level 3 of the Dungeon.
You visited 1 branch of the dungeon, and saw 4 of its levels.

You collected 149 gold pieces.

Inventory:

Hand Weapons
 a - a +3 dagger (weapon)
Missiles
 c - a throwing net (quivered)
Armour
 k - a +1 leather armour (worn)
Jewellery
 h - an amulet of reflection (around neck)
 i - a +6 ring of intelligence (left hand)
Wands
 b - a wand of polymorph (8)
Scrolls
 d - a scroll of magic mapping
 e - a scroll of fog
 f - a scroll of teleportation
 j - a scroll of immolation {unknown}
Potions
 l - a potion of brilliance
 o - a potion of berserk rage


   Skills:
 * Level 3.6 Short Blades
 * Level 3.1 Dodging
 * Level 8.4 Stealth
 + Level 2.4 Spellcasting
 + Level 5.5 Hexes


You had 4 spell levels left.
You knew the following spells:

 Your Spells              Type           Power      Damage    Failure   Level
a - Confusing Touch       Hex            28%        N/A       6%          3
b - Ensorcelled Hibernat  Hex/Ice        30%        N/A       9%          2

Your spell library contained the following spells:

 Spells                   Type           Power      Damage    Failure   Level
 Tukima's Dance           Hex            28%        N/A       6%          3
 Dazzling Flash           Conj/Hex       30%        N/A       19%         3


Dungeon Overview and Level Annotations

Branches:
Dungeon (4/15)
 Temple: D:4-7

Altars:
Ashenzari
Fedhas
The Shining One


Innate Abilities, Weirdness & Mutations

You do not regenerate when monsters are visible.
You are frail without blood (-20% HP).
You can heal yourself when you bite living creatures.
You are immune to poison.
You have razor-sharp teeth.
You have supernaturally acute eyesight. (SInv)
You are afflicted with vampirism and can become a bat while bloodless.


Message History

You start resting.
Magic restored.
There is a stone staircase leading down here.
There is a stone staircase leading down here.
You climb downwards.
The gnoll hits you with a +0 flail! The gnoll misses you.
The gnoll hits you with a +0 flail. The gnoll hits you with a +0 club.
There is a stone staircase leading up here.
Things that are here:
a +0 whip; a gnoll skeleton The gnoll misses you.
The gnoll closely misses you.
You climb upwards.
There is a stone staircase leading down here.
Unknown command.
Casting: Confusing Touch (dangerous; 6% risk of failure)
Confirm with . or Enter, or press ? or * to list all spells.
Your hands begin to glow red.
The gnoll barely misses you. You block the gnoll's attack.
There are monsters nearby!
You hit the gnoll but do no damage.
The gnoll appears confused.
You bite the gnoll, but do no damage. The gnoll misses you.
The gnoll hits you with a +0 club.
You hit the gnoll.
The gnoll is moderately wounded.
The gnoll hits you with a +0 flail!
* * * LOW HITPOINT WARNING * * *
You completely miss the gnoll.
The gnoll is moderately wounded.
Okay, then.
Okay, then.
Casting: Confusing Touch (dangerous; 6% risk of failure)
Confirm with . or Enter, or press ? or * to list all spells.
You miscast Confusing Touch.
You are very lightly contaminated with residual magic.
Multicoloured lights dance before your eyes.
You feel yourself slow down. You block the gnoll's attack.
Casting: Confusing Touch (dangerous; 6% risk of failure)
Confirm with . or Enter, or press ? or * to list all spells.
Your hands begin to glow red.
You block the gnoll's attack. The gnoll hits you with a +0 flail!
You die...

#.............#
#.###########.# #.#
#[# #.# #.# #####.#
#.# ......#######
#.# .<.#........##
#)#
##.##.####...####g#
#.##.........g.@)#
#.#######...######
#.............##
##...######.....#
.........#####..#
###.####.# #..##
....# #.# ##...##
###.## #.# #...(.#
##...###.#####...##


You could see 2 gnolls.

Vanquished Creatures
  A howler monkey (D:4)
  A hound (D:4)
  A gnoll shaman (D:3)
  A centaur skeleton (D:4)
  An orc priest (D:4)
  An iguana (D:2)
  Ijyb (D:4)
  A hound skeleton (D:4)
  3 adders
  3 gnolls
  2 worms (D:3)
  2 dart slugs
  7 orcs
  7 ball pythons
  11 endoplasms
  4 giant cockroaches
  3 goblins
  4 hobgoblins
  2 jackals (D:1)
  4 kobolds
  6 quokkas
  5 bats
  2 frilled lizards
  5 rats
  A spectral kobold (D:1)
79 creatures vanquished.

Notes
Turn   | Place    | Note
-------+----------+-------------------------------------------
     0 | D:1      | LynnLen the Vampire Enchanter began the quest for the Orb.
     0 | D:1      | Reached XP level 1. HP: 13/13 MP: 3/3
   432 | D:1      | Reached XP level 2. HP: 14/15 MP: 5/5
   556 | D:1      | Reached skill level 5 in Stealth
  1092 | D:1      | Found a faded altar of an unknown god.
  1534 | D:2      | Reached skill level 5 in Hexes
  1534 | D:2      | Gained mutation: You are afflicted with vampirism and can
                  | become a bat while bloodless. [Vampire growth]
  1534 | D:2      | Reached XP level 3. HP: 19/19 MP: 6/6
  1538 | D:2      | Learned a level 3 spell: Confusing Touch
  1541 | D:2      | Learned a level 2 spell: Ensorcelled Hibernation
  1567 | D:2      | Reached skill level 6 in Stealth
  1930 | D:2      | Reached XP level 4. HP: 24/24 MP: 7/7
  3117 | D:3      | Found a blossoming altar of Fedhas.
  3857 | D:3      | Found a broken altar of Ashenzari.
  4297 | D:3      | Reached skill level 7 in Stealth
  4586 | D:4      | Reached XP level 5. HP: 21/28 MP: 8/8
  5358 | D:4      | Noticed Ijyb
  5364 | D:4      | Killed Ijyb
  5365 | D:4      | Reached skill level 8 in Stealth
  5365 | D:4      | Reached XP level 6. HP: 32/32 MP: 9/9
  6025 | D:3      | Slain by a gnoll

Illustrated notes

Levels and vault maps discovered:
D:1:      saegor_arrival_simple_a, layout_loops_corners,
          dreamdust_ecumenical_altar_drowned_temple
D:2:      layout_basic
D:3:      layout_loops_ring, fedhas_altar_4, mainiacjoe_overflow_two_lobes,
          cheibrodos_sewer_entry_bend
D:4:      layout_loops_ring, minmay_starry_boxes, uniq_ijyb

Skill      XL: |  1  2  3  4  5 |
---------------+----------------+-----
Stealth        | 5 6 7 8 |  8.4
Hexes          | 5 |  5.5
Short Blades   | 2 3 |  3.6
Dodging        | 3 |  3.1
Spellcasting   | |  2.4

Action                   |  1- 3 |  4- 6 || total
-------------------------+-------+-------++-------
Melee: Dagger            |    86 |   163 ||   249
       Bite              |     8 |    18 ||    26
       Punch             |     1 |     3 ||     4
 Cast: Confusing Touch   |     2 |    13 ||    15
       Ensorcelled Hiber |       |     3 ||     3
 Abil: Exsanguinate      |     1 |       ||     1
  Use: Scroll            |     2 |     9 ||    11
       Potion            |       |     2 ||     2
 Stab: Sleeping          |    17 |    21 ||    38
       Confused          |     1 |     7 ||     8
       Invisible         |       |     1 ||     1
Armor: Robe              |     9 |       ||     9
       Leather armour    |       |    24 ||    24
Dodge: Dodged            |    34 |    97 ||   131
Block: Other             |       |    35 ||    35
       Reflection        |       |     4 ||     4
